| TOP OF THE 1ST |
|
Washington (APP) Nationals batting - Pitching for Billings Mustangs : RHP Jeff Buchanan
|
|
Pitching: RHP Jeff Buchanan
|
|
|
Batting: RHB Justin Van Houten
|
0-0: Ball 1-0: SINGLE (Groundball, 56, EV 102.5 MPH) (infield hit)
|
|
Batting: RHB Lamar Thornton
|
0-0: Called Strike 0-1: Ball Wild Pitch! Justin Van Houten to second 1-1: Foul Ball, location: 2F 1-2: Ball 2-2: Ground out 4-3 (Groundball, 4, EV 89.4 MPH) Justin Van Houten to third
|
|
Batting: LHB Chance McWilliams
|
0-0: Called Strike 0-1: Called Strike 0-2: Foul Ball, location: 2F 0-2: Ball 1-2: Ground out 4-3 (Groundball, 4, EV 100.6 MPH) Justin Van Houten scores
|
|
Batting: LHB Elias Posada
|
0-0: Ground out 5-3 (Groundball, 5, EV 98.8 MPH)
|
| Top of the 1st over - 1 run, 1 hit, 0 errors, 0 left on base; Washington (APP) 1 - Billings 0 |
| BOTTOM OF THE 1ST |
|
Billings Mustangs batting - Pitching for Washington (APP) Nationals : RHP Steve Schneider
|
|
Pitching: RHP Steve Schneider
|
|
|
Batting: LHB Jeremy Robertson
|
0-0: Swinging Strike 0-1: Foul Ball, location: 2F 0-2: Strikes out looking
|
|
Batting: SHB David Garnica
|
0-0: Swinging Strike 0-1: Ball 1-1: Ball 2-1: Ball 3-1: Swinging Strike 3-2: SINGLE (Groundball, 34D, EV 101.9 MPH)
|
|
Batting: LHB Brian Dickeson
|
0-0: Called Strike 0-1: Foul Ball, location: 2F 0-2: Foul Ball, location: 2F 0-2: 2-RUN HOME RUN (Flyball, 89XD, EV 104.4 MPH), Distance : 427 ft
|
|
Batting: RHB Andy Bachman
|
0-0: Called Strike 0-1: Called Strike 0-2: Ball 1-2: Ground out 1-3 (Groundball, 13, EV 70.6 MPH)
|
|
Batting: RHB Chris Christaldi
|
0-0: Called Strike 0-1: Foul Ball, location: 2F 0-2: Ball 1-2: Ball 2-2: Foul Ball, location: 2F 2-2: Ball 3-2: Reached on error, E5 (Groundball, 56, EV 90.0 MPH)
|
|
Batting: RHB Sang-ton Pak
|
0-0: Ball 1-0: Foul Ball, location: 2F 1-1: DOUBLE (Line Drive, 7LM, EV 96.9 MPH) Chris Christaldi scores
|
|
Batting: RHB Jake Savell
|
0-0: Ball 1-0: Fly out, F9 (Line Drive, 89S, EV 95.6 MPH)
|
| Bottom of the 1st over - 3 runs, 3 hits, 1 error, 1 left on base; Washington (APP) 1 - Billings 3 |
| TOP OF THE 2ND |
|
Washington (APP) Nationals batting - Pitching for Billings Mustangs : RHP Jeff Buchanan
|
|
Batting: RHB Tylor Cyr
|
0-0: Ball 1-0: Ball 2-0: Called Strike 2-1: Ball 3-1: Base on Balls
|
|
Batting: RHB Er Le
|
0-0: Called Strike 0-1: Called Strike 0-2: Strikes out swinging
|
|
Batting: LHB Jim Weidman
|
0-0: Ball 1-0: Foul Ball, location: 2F 1-1: Swinging Strike 1-2: Grounds into double play, 1-6-3 (Groundball, 13S, EV 73.8 MPH)
|
| Top of the 2nd over - 0 runs, 0 hits, 0 errors, 0 left on base; Washington (APP) 1 - Billings 3 |
| BOTTOM OF THE 2ND |
|
Billings Mustangs batting - Pitching for Washington (APP) Nationals : RHP Steve Schneider
|
|
Batting: RHB Yutaka Sato
|
0-0: Swinging Strike 0-1: Ball 1-1: Ground out 6-3 (Groundball, 6, EV 93.1 MPH)
|
|
Batting: SHB Gustavo Froio
|
0-0: Called Strike 0-1: Ball 1-1: Foul Ball, location: 2F 1-2: Foul Ball, location: 2F 1-2: Strikes out looking
|
|
Batting: LHB Jeremy Robertson
|
0-0: Ball 1-0: TRIPLE (Line Drive, 8RXD, EV 101.2 MPH)
|
|
Batting: SHB David Garnica
|
0-0: Foul Ball, location: 2F 0-1: Ball 1-1: Ball 2-1: Called Strike 2-2: Foul Ball, location: 2F 2-2: Ground out 5-3 (Groundball, 56, EV 83.1 MPH)
|
| Bottom of the 2nd over - 0 runs, 1 hit, 0 errors, 1 left on base; Washington (APP) 1 - Billings 3 |
| TOP OF THE 3RD |
|
Washington (APP) Nationals batting - Pitching for Billings Mustangs : RHP Jeff Buchanan
|
|
Batting: RHB Jason Ewert
|
0-0: Ball 1-0: Swinging Strike 1-1: Ball 2-1: Ball 3-1: Swinging Strike 3-2: Strikes out swinging, 2-3 out at first.
|
|
Batting: RHB Danny Juarez
|
0-0: Ball 1-0: Called Strike 1-1: Ball 2-1: Called Strike 2-2: Strikes out swinging
|
|
Batting: RHB Justin Van Houten
|
0-0: Foul Ball, location: 2F 0-1: Swinging Strike 0-2: Ball 1-2: Ball 2-2: Foul Ball, location: 2F 2-2: Ball 3-2: Base on Balls
|
|
Batting: RHB Lamar Thornton
|
0-0: Ball 1-0: Ball 2-0: Fielders Choice at 2nd, 6-4 (Groundball, 6, EV 81.2 MPH)
|
| Top of the 3rd over - 0 runs, 0 hits, 0 errors, 1 left on base; Washington (APP) 1 - Billings 3 |
| BOTTOM OF THE 3RD |
|
Billings Mustangs batting - Pitching for Washington (APP) Nationals : RHP Steve Schneider
|
|
Batting: LHB Brian Dickeson
|
0-0: Reached on error, E4 (Groundball, 4, EV 83.1 MPH)
|
|
Batting: RHB Andy Bachman
|
0-0: Swinging Strike 0-1: Foul Ball, location: 2F 0-2: Foul Ball, location: 2F 0-2: Strikes out swinging
|
|
Batting: RHB Chris Christaldi
|
0-0: Ball 1-0: Called Strike 1-1: Swinging Strike 1-2: Ball Wild Pitch! Brian Dickeson to second 2-2: Ball 3-2: Foul Ball, location: 2F 3-2: Base on Balls
|
|
Batting: RHB Sang-ton Pak
|
0-0: Called Strike 0-1: Called Strike 0-2: Ball 1-2: Strikes out looking
|
|
Batting: RHB Jake Savell
|
0-0: Called Strike 0-1: Foul Ball, location: 2F 0-2: Ball 1-2: Foul Ball, location: 2F 1-2: Foul Ball, location: 2F 1-2: Strikes out swinging
|
| Bottom of the 3rd over - 0 runs, 0 hits, 1 error, 2 left on base; Washington (APP) 1 - Billings 3 |
| TOP OF THE 4TH |
|
Washington (APP) Nationals batting - Pitching for Billings Mustangs : RHP Jeff Buchanan
|
|
Batting: LHB Chance McWilliams
|
0-0: Ball 1-0: Ball 2-0: Ball 3-0: Called Strike 3-1: Called Strike 3-2: Base on Balls
|
|
Pitching: RHP Joe Green
|
|
|
Batting: LHB Elias Posada
|
0-0: Called Strike 0-1: Ball 1-1: Foul Ball, location: 2F 1-2: Ball 2-2: Foul Ball, location: 2F 2-2: Strikes out looking
|
|
Batting: RHB Tylor Cyr
|
0-0: Foul Ball, location: 2F 0-1: Ball 1-1: Foul Ball, location: 2F 1-2: Foul Ball, location: 2F 1-2: Ball 2-2: Ball 3-2: SINGLE (Groundball, 6S, EV 70.0 MPH) (infield hit) Chance McWilliams to second
|
|
Batting: RHB Er Le
|
0-0: Ball 1-0: TRIPLE (Flyball, 8LXD, EV 89.4 MPH) Chance McWilliams scores Tylor Cyr scores
|
|
Batting: LHB Jim Weidman
|
0-0: Ball 1-0: Foul Ball, location: 2F 1-1: Ball 2-1: Ball 3-1: Foul Ball, location: 2F 3-2: Strikes out looking
|
|
Batting: RHB Jason Ewert
|
0-0: Ball 1-0: Ground out 4-3 (Groundball, 4MD, EV 106.9 MPH)
|
| Top of the 4th over - 2 runs, 2 hits, 0 errors, 1 left on base; Washington (APP) 3 - Billings 3 |
| BOTTOM OF THE 4TH |
|
Billings Mustangs batting - Pitching for Washington (APP) Nationals : RHP Steve Schneider
|
|
Batting: RHB Yutaka Sato
|
0-0: Called Strike 0-1: Fly out, F7 (Flyball, 7S, EV 85.6 MPH)
|
|
Batting: SHB Gustavo Froio
|
0-0: Ball 1-0: Ball 2-0: Ball 3-0: Called Strike 3-1: Called Strike 3-2: Foul Ball, location: 2F 3-2: Strikes out swinging
|
|
Batting: LHB Jeremy Robertson
|
0-0: Ball 1-0: Ball 2-0: Ball 3-0: Base on Balls
|
|
Pitching: LHP Mike Rosas
|
|
|
Batting: SHB David Garnica
|
0-0: Swinging Strike 0-1: Ball 1-1: Ball 2-1: Foul Ball, location: 2F 2-2: 2-RUN HOME RUN (Flyball, 7LD, EV 94.4 MPH), Distance : 340 ft
|
|
Batting: LHB Brian Dickeson
|
0-0: Called Strike 0-1: Foul Ball, location: 2F 0-2: Ball 1-2: Ball 2-2: Ball 3-2: Base on Balls
|
|
Batting: RHB Andy Bachman
|
0-0: 2-RUN HOME RUN (Flyball, 8RXD, EV 115.0 MPH), Distance : 438 ft
|
|
Batting: RHB Chris Christaldi
|
0-0: Called Strike 0-1: Foul Ball, location: 2F 0-2: Ball 1-2: Ball 2-2: Ground out 6-3 (Groundball, 6M, EV 94.4 MPH)
|
| Bottom of the 4th over - 4 runs, 2 hits, 0 errors, 0 left on base; Washington (APP) 3 - Billings 7 |
| TOP OF THE 5TH |
|
Washington (APP) Nationals batting - Pitching for Billings Mustangs : RHP Joe Green
|
|
Batting: RHB Danny Juarez
|
0-0: Ball 1-0: Called Strike 1-1: Swinging Strike 1-2: Strikes out looking
|
|
Batting: RHB Justin Van Houten
|
0-0: Ball 1-0: Ball 2-0: Called Strike 2-1: Ball 3-1: SOLO HOME RUN (Flyball, 7D, EV 102.5 MPH), Distance : 407 ft
|
|
Batting: RHB Lamar Thornton
|
0-0: Called Strike 0-1: Ball 1-1: Fly out, F8 (Flyball, 8LM, EV 81.2 MPH)
|
|
Batting: LHB Chance McWilliams
|
0-0: Called Strike 0-1: Foul Ball, location: 2F 0-2: SINGLE (Groundball, 6MS, EV 69.4 MPH) (infield hit)
|
|
Batting: LHB Elias Posada
|
0-0: SINGLE (Flyball, 3D, EV 90.0 MPH) Chance McWilliams to second
|
|
Batting: RHB Tylor Cyr
|
0-0: Ball 1-0: Fly out, F8 (Flyball, 8LM, EV 88.8 MPH)
|
| Top of the 5th over - 1 run, 3 hits, 0 errors, 2 left on base; Washington (APP) 4 - Billings 7 |
| BOTTOM OF THE 5TH |
|
Billings Mustangs batting - Pitching for Washington (APP) Nationals : LHP Mike Rosas
|
|
Batting: RHB Sang-ton Pak
|
0-0: Called Strike 0-1: Foul Ball, location: 2F 0-2: Ball 1-2: Strikes out swinging
|
|
Batting: RHB Jake Savell
|
0-0: Called Strike 0-1: Foul Ball, location: 2F 0-2: Ball 1-2: Ball 2-2: Foul Ball, location: 2F 2-2: Strikes out swinging
|
|
Pitching: RHP Ramiro Ramirez
|
|
|
Batting: RHB Yutaka Sato
|
0-0: Foul Ball, location: 2F 0-1: Swinging Strike 0-2: Ball 1-2: Ball 2-2: Ball 3-2: Ground out 6-3 (Groundball, 6S, EV 82.5 MPH)
|
| Bottom of the 5th over - 0 runs, 0 hits, 0 errors, 0 left on base; Washington (APP) 4 - Billings 7 |
| TOP OF THE 6TH |
|
Washington (APP) Nationals batting - Pitching for Billings Mustangs : RHP Joe Green
|
|
Batting: RHB Er Le
|
0-0: Foul Ball, location: 2F 0-1: Ball 1-1: Ball 2-1: SINGLE (Flyball, 8LS, EV 83.8 MPH)
|
|
Batting: LHB Jim Weidman
|
0-0: Called Strike Er Le steals 2nd base 0-1: Foul Ball, location: 2F 0-2: Strikes out swinging
|
|
Batting: RHB Jason Ewert
|
0-0: Foul Ball, location: 2F 0-1: Ball 1-1: 2-RUN HOME RUN (Flyball, 7D, EV 98.1 MPH), Distance : 365 ft
|
|
Batting: RHB Danny Juarez
|
0-0: Ball 1-0: Ball 2-0: Foul Ball, location: 2F 2-1: Swinging Strike 2-2: SINGLE (Groundball, 4, EV 96.2 MPH)
|
|
Batting: RHB Justin Van Houten
|
0-0: Called Strike 0-1: SINGLE (Line Drive, 56D, EV 106.9 MPH) Danny Juarez to second
|
|
Batting: RHB Lamar Thornton
|
0-0: Ground out 5-3 (Groundball, 5S, EV 75.0 MPH) Danny Juarez to third Justin Van Houten to second
|
|
Batting: LHB Chance McWilliams
|
0-0: Ball 1-0: Swinging Strike 1-1: Reached on error, E3 (Groundball, 34, EV 83.1 MPH) Danny Juarez scores Justin Van Houten to third
|
|
Pitching: RHP Mario Gomez
|
|
|
Batting: LHB Elias Posada
|
0-0: Ball 1-0: SINGLE (Groundball, 4M, EV 104.4 MPH) (infield hit) Justin Van Houten scores Chance McWilliams to second
|
|
Batting: RHB Tylor Cyr
|
0-0: Fly out, F8 (Flyball, 8RD, EV 77.5 MPH)
|
| Top of the 6th over - 4 runs, 5 hits, 1 error, 2 left on base; Washington (APP) 8 - Billings 7 |
| BOTTOM OF THE 6TH |
|
Billings Mustangs batting - Pitching for Washington (APP) Nationals : RHP Ramiro Ramirez
|
|
Batting: SHB Gustavo Froio
|
0-0: Ball 1-0: Called Strike 1-1: Ball 2-1: Fly out, F9 (Flyball, 9S, EV 95.6 MPH)
|
|
Batting: LHB Jeremy Robertson
|
0-0: Ball 1-0: Ball 2-0: Foul Ball, location: 2F 2-1: Ball 3-1: Base on Balls
|
|
Batting: SHB David Garnica
|
0-0: Ball 1-0: Foul Ball, location: 2F 1-1: Ball Jeremy Robertson steals 2nd base 2-1: Ground out 3-1 (Groundball, 34D, EV 103.1 MPH) Jeremy Robertson to third
|
|
Pitching: RHP Omar Perez
|
|
|
Batting: LHB Brian Dickeson
|
0-0: Ball 1-0: Ball 2-0: Foul Ball, location: 2F 2-1: Foul Ball, location: 2F 2-2: Strikes out swinging
|
| Bottom of the 6th over - 0 runs, 0 hits, 0 errors, 1 left on base; Washington (APP) 8 - Billings 7 |
| TOP OF THE 7TH |
|
Washington (APP) Nationals batting - Pitching for Billings Mustangs : RHP Mario Gomez
|
|
Batting: RHB Er Le
|
0-0: Ground out 5-3 (Groundball, 5D, EV 108.8 MPH)
|
|
Batting: LHB Jim Weidman
|
0-0: Called Strike 0-1: Called Strike 0-2: Foul Ball, location: 2F 0-2: Fly out, F7 (Line Drive, 7, EV 107.5 MPH)
|
|
Batting: RHB Jason Ewert
|
0-0: Ball 1-0: Foul Ball, location: 2F 1-1: Ball 2-1: Ground out 2-3 (Groundball, 13S, EV 65.0 MPH)
|
| Top of the 7th over - 0 runs, 0 hits, 0 errors, 0 left on base; Washington (APP) 8 - Billings 7 |
| BOTTOM OF THE 7TH |
|
Billings Mustangs batting - Pitching for Washington (APP) Nationals : RHP Omar Perez
|
|
Batting: RHB Andy Bachman
|
0-0: Ball 1-0: Foul Ball, location: 2F 1-1: Foul Ball, location: 2F 1-2: Foul Ball, location: 2F 1-2: Ball 2-2: Foul Ball, location: 2F 2-2: Foul Ball, location: 2F 2-2: Fly out, F7 (Flyball, 7S, EV 91.2 MPH)
|
|
Batting: RHB Chris Christaldi
|
0-0: Ball 1-0: Called Strike 1-1: Ball 2-1: Foul Ball, location: 2F 2-2: Foul Ball, location: 2F 2-2: Foul Ball, location: 2F 2-2: Foul Ball, location: 2F 2-2: Fly out, F9 (Line Drive, 89M, EV 87.5 MPH)
|
|
Pitching: RHP Cheng-ho Tai
|
|
|
Batting: RHB Sang-ton Pak
|
0-0: Ball 1-0: Ball 2-0: Foul Ball, location: 2F 2-1: SINGLE (Groundball, 3D, EV 94.4 MPH)
|
|
Batting: RHB Jake Savell
|
0-0: Swinging Strike 0-1: Swinging Strike 0-2: Ball 1-2: Strikes out looking
|
| Bottom of the 7th over - 0 runs, 1 hit, 0 errors, 1 left on base; Washington (APP) 8 - Billings 7 |
| TOP OF THE 8TH |
|
Washington (APP) Nationals batting - Pitching for Billings Mustangs : RHP Mario Gomez
|
|
Batting: RHB Danny Juarez
|
0-0: Called Strike 0-1: SOLO HOME RUN (Flyball, 9LD, EV 98.8 MPH), Distance : 362 ft
|
|
Batting: RHB Justin Van Houten
|
0-0: Ball 1-0: Ball 2-0: Called Strike 2-1: SOLO HOME RUN (Line Drive, 7D, EV 93.8 MPH), Distance : 374 ft
|
|
Batting: RHB Lamar Thornton
|
0-0: Ball 1-0: Called Strike 1-1: Ball 2-1: Ball 3-1: Base on Balls
|
|
Batting: LHB Chance McWilliams
|
0-0: Foul Ball, location: 2F 0-1: Ball 1-1: Called Strike 1-2: Foul Ball, location: 2F 1-2: Ball 2-2: Ball Wild Pitch! Lamar Thornton to second 3-2: Intentional Walk
|
|
Batting: LHB Elias Posada
|
Balk! Lamar Thornton to third Chance McWilliams to second 0-0: Ball 1-0: Fly out, F5 (Popup, 6, EV 58.1 MPH)
|
|
Batting: RHB Tylor Cyr
|
0-0: Intentional Walk
|
|
Batting: RHB Er Le
|
0-0: Called Strike 0-1: Called Strike 0-2: Ball Wild Pitch! Lamar Thornton scores Chance McWilliams to third Tylor Cyr to second 1-2: SINGLE (Flyball, 89S, EV 91.2 MPH) Chance McWilliams scores Tylor Cyr to third
|
|
Batting: LHB Jim Weidman
|
0-0: Ball Er Le is caught stealing 2nd base 2-6 1-0: Single, Error in OF, E8, batter to second base (Groundball, 4MD, EV 108.8 MPH) Tylor Cyr scores
|
|
Batting: RHB Jason Ewert
|
0-0: Called Strike 0-1: Ball 1-1: Ball 2-1: SINGLE (Groundball, 6M, EV 103.1 MPH) (infield hit) Jim Weidman to third
|
|
Batting: RHB Danny Juarez
|
0-0: Called Strike 0-1: Called Strike 0-2: Ball 1-2: Ball Wild Pitch! Jim Weidman scores Jason Ewert to second 2-2: Ball 3-2: Strikes out swinging
|
| Top of the 8th over - 6 runs, 5 hits, 1 error, 1 left on base; Washington (APP) 14 - Billings 7 |
| BOTTOM OF THE 8TH |
|
Billings Mustangs batting - Pitching for Washington (APP) Nationals : RHP Cheng-ho Tai
|
|
Batting: RHB Yutaka Sato
|
0-0: Foul Ball, location: 2F 0-1: Called Strike 0-2: Strikes out swinging
|
|
Pinch Hitting: RHB Al Blanchard
|
0-0: Called Strike 0-1: Ball 1-1: Ground out U3 (Groundball, 3, EV 84.4 MPH)
|
|
Batting: LHB Jeremy Robertson
|
0-0: Ball 1-0: Foul Ball, location: 2F 1-1: Ball 2-1: Ball 3-1: Base on Balls
|
|
Pitching: RHP Matt Norris
|
|
|
Batting: SHB David Garnica
|
0-0: Fly out, F8 (Flyball, 8RM, EV 94.4 MPH)
|
| Bottom of the 8th over - 0 runs, 0 hits, 0 errors, 1 left on base; Washington (APP) 14 - Billings 7 |
| TOP OF THE 9TH |
|
Washington (APP) Nationals batting - Pitching for Billings Mustangs : RHP Mario Gomez
|
|
Now at 3B: Al Blanchard
|
|
|
Batting: RHB Justin Van Houten
|
0-0: Ball 1-0: Called Strike 1-1: Foul Ball, location: 2F 1-2: Foul Ball, location: 2F 1-2: Ball 2-2: Ball 3-2: Base on Balls
|
|
Batting: RHB Lamar Thornton
|
0-0: Ball 1-0: DOUBLE (Groundball, 5L, EV 101.2 MPH) Justin Van Houten to third
|
|
Batting: LHB Chance McWilliams
|
0-0: Foul Ball, location: 2F 0-1: 3-RUN HOME RUN (Flyball, 89XD, EV 103.1 MPH), Distance : 401 ft
|
|
Pitching: LHP Armando Arellano
|
|
|
Batting: LHB Elias Posada
|
0-0: Ball 1-0: Ball 2-0: Ball 3-0: Base on Balls
|
|
Batting: RHB Tylor Cyr
|
0-0: Ball 1-0: Swinging Strike 1-1: Foul Ball, location: 2F 1-2: Ball 2-2: Ball 3-2: SINGLE (Groundball, 6MD, EV 97.5 MPH) Elias Posada to second
|
|
Batting: RHB Er Le
|
0-0: Called Strike 0-1: Ball 1-1: Ball 2-1: Swinging Strike 2-2: Foul Ball, location: 2F 2-2: Foul Ball, location: 2F 2-2: Foul Ball, location: 2F 2-2: TRIPLE (Flyball, 7D, EV 110.0 MPH) Elias Posada scores Tylor Cyr scores
|
|
Batting: LHB Jim Weidman
|
Balk! Er Le scores 0-0: Called Strike 0-1: Called Strike 0-2: Fly out, F9 (Flyball, 9S, EV 71.9 MPH)
|
|
Batting: RHB Jason Ewert
|
0-0: Ground out 5-3 (Groundball, 56, EV 103.1 MPH)
|
|
Batting: RHB Danny Juarez
|
0-0: Swinging Strike 0-1: Swinging Strike 0-2: Strikes out swinging
|
| Top of the 9th over - 6 runs, 4 hits, 0 errors, 0 left on base; Washington (APP) 20 - Billings 7 |
| BOTTOM OF THE 9TH |
|
Billings Mustangs batting - Pitching for Washington (APP) Nationals : RHP Matt Norris
|
|
Pinch Hitting: LHB William Matthews
|
0-0: Ball 1-0: Called Strike 1-1: Ball 2-1: Called Strike 2-2: Foul Ball, location: 2F 2-2: Ball 3-2: SOLO HOME RUN (Flyball, 89XD, EV 100.6 MPH), Distance : 390 ft
|
|
Batting: RHB Andy Bachman
|
0-0: Ball 1-0: Foul Ball, location: 2F 1-1: Ball 2-1: Ground out 4-3 (Groundball, 4M, EV 82.5 MPH)
|
|
Batting: RHB Chris Christaldi
|
0-0: Fly out, F9 (Flyball, 89S, EV 90.6 MPH)
|
|
Batting: RHB Sang-ton Pak
|
0-0: Ball 1-0: Ball 2-0: Ball 3-0: Called Strike 3-1: Foul Ball, location: 2F 3-2: Fly out, F7 (Flyball, 7, EV 76.9 MPH)
|
| Bottom of the 9th over - 1 run, 1 hit, 0 errors, 0 left on base; Washington (APP) 20 - Billings 8 |
|